[Event "ICC tourney 2690 (75 10)"]
[Site "Internet Chess Club"]
[Date "2021.09.26"]
[Round "4"]
[White "LIAO, CONNOR:che2468"]
[Black "dounce, justin T:emptycloud"]
[Result "1-0"]
[ICCResult "Black checkmated"]
[WhiteElo "1393"]
[BlackElo "1563"]
[Opening "Queen's pawn game"]
[ECO "D02"]
[NIC "QP.08"]
[Time "11:00:31"]
[TimeControl "4500+10"]

1. d4 d5 2. Nf3 e6 3. e3 c5 4. b3 Nc6 5. Bb2 Nf6 6. a3 cxd4 7. exd4 Bd6 8.
Bd3 O-O 9. O-O a6 10. Ne5 Qc7 11. f4 b5 12. Nd2 Bb7 13. Ndf3 h6 14. Rc1 b4
15. a4 Qb6 16. Kh1 a5 17. g4 Ba6 18. g5 hxg5 19. fxg5 Ne4 20. Nd7 Qa7 21.
Nxf8 Rxf8 22. Nd2 Nc3 23. Bxc3 bxc3 24. Nb1 Bb7 25. Qh5 f5 26. gxf6 Rxf6 27.
Rxf6 gxf6 28. Rg1+ Kf8 29. Qh8+ Ke7 30. Rg7# {Black checkmated} 1-0

[Event "ICC tourney 2690 (75 10)"]
[Site "Internet Chess Club"]
[Date "2021.09.26"]
[Round "4"]
[White "JING, ANDREW:andrewj508"]
[Black "SULTAN, BASHIR Cisse:muzikmixer"]
[Result "1-0"]
[ICCResult "Black resigns"]
[WhiteElo "1359"]
[BlackElo "1581"]
[Opening "Pirc: Ufimtsev-Pytel variation"]
[ECO "B07"]
[NIC "PU.08"]
[Time "11:00:33"]
[TimeControl "4500+10"]

1. d4 d6 2. e4 Nf6 3. Nc3 c6 4. Nf3 Bg4 5. Be3 e6 6. h3 Bh5 7. Be2 Be7 8. a3
O-O 9. O-O Bxf3 10. Bxf3 d5 11. e5 Nfd7 12. Ne2 b5 13. Ng3 c5 14. c3 Nc6 15.
Qd2 a5 16. Nh5 Nb6 17. Bh6 Nc4 18. Qf4 g5 19. Qg3 cxd4 20. Bxf8 N4xe5 21.
Bxe7 Qxe7 22. cxd4 Nxf3+ 23. Qxf3 Nxd4 24. Qf6 Qxf6 25. Nxf6+ Kg7 26. Ng4
Nb3 27. Rad1 Rc8 28. Rd3 a4 29. Rc3 Rd8 30. Rd1 d4 31. Rc7 Rd5 32. Nh2 e5
33. f3 h5 34. g4 h4 35. Nf1 d3 36. Rc3 {Black resigns} 1-0

[Event "ICC tourney 2690 (75 10)"]
[Site "Internet Chess Club"]
[Date "2021.09.26"]
[Round "4"]
[White "LI, MASON JIN:K03-16739697"]
[Black "Mason, Mike W:MikeWMason"]
[Result "0-1"]
[ICCResult "White resigns"]
[WhiteElo "1369"]
[BlackElo "1614"]
[Opening "Queen's pawn, Mason variation"]
[ECO "D00"]
[NIC "QP.08"]
[Time "11:00:59"]
[TimeControl "4500+10"]

1. d4 d5 2. Bf4 Nf6 3. e3 c5 4. dxc5 Nc6 5. Bb5 e6 6. b4 Be7 7. Nf3 O-O 8.
Bxc6 bxc6 9. Nd4 Bb7 10. Nd2 Nd7 11. N2f3 Bf6 12. Bd6 Re8 13. b5 Rc8 14.
bxc6 Qa5+ 15. Qd2 Qxd2+ 16. Kxd2 Bxc6 17. Rab1 Ba8 18. Nb5 Nxc5 19. Nxa7
Ne4+ {White resigns} 0-1

[Event "ICC tourney 2690 (75 10)"]
[Site "Internet Chess Club"]
[Date "2021.09.26"]
[Round "4"]
[White "ZHANG, FRED:Fredzhang"]
[Black "HOSUR, SANMITA:phosur"]
[Result "0-1"]
[ICCResult "White checkmated"]
[WhiteElo "1578"]
[BlackElo "1123"]
[Opening "Sicilian: Hungarian variation"]
[ECO "B34"]
[NIC "SI.43"]
[Time "11:00:36"]
[TimeControl "4500+10"]

1. e4 c5 2. Nf3 g6 3. Nc3 Bg7 4. d4 cxd4 5. Nxd4 Nc6 6. Nxc6 bxc6 7. Bc4 e6
8. O-O Ne7 9. f4 Qb6+ 10. Kh1 O-O 11. Qd6 Re8 12. Qd3 Bb7 13. Rb1 d5 14.
exd5 cxd5 15. Bb5 Rec8 16. Bd2 Rc7 17. Na4 Qd6 18. Ba5 Rcc8 19. a3 Nc6 20.
Bxc6 Qxc6 21. Nc3 d4 22. Rf3 dxc3 23. Bxc3 Qb6 24. Rff1 Ba6 25. Qe4 Bxf1 26.
Rxf1 Bxc3 27. bxc3 Rab8 28. Qd3 Qb5 29. Qxb5 Rxb5 30. h3 Rxc3 31. Ra1 Rxc2
32. a4 Rbb2 33. Rg1 Ra2 34. Kh2 Rxa4 35. Kg3 Raa2 36. Kh2 Rxg2+ 37. Rxg2
Rxg2+ 38. Kxg2 Kg7 39. Kf3 Kf6 40. Ke4 a5 41. h4 a4 42. Kd3 a3 43. Kc2 a2
44. Kb2 Kf5 45. Kxa2 Kxf4 46. Kb2 Kg4 47. Kc2 Kxh4 48. Kd3 Kg3 49. Ke2 Kg2
50. Ke3 h5 51. Ke4 h4 52. Ke5 h3 53. Kf6 h2 54. Kxf7 h1=Q 55. Kxe6 Qd1 56.
Ke5 Qd3 57. Ke6 Qd4 58. Ke7 Qd5 59. Kf6 Qe4 60. Kg5 Qf3 61. Kxg6 Qf4 62. Kg7
Qf5 63. Kh6 Qg4 64. Kh7 Kf3 65. Kh6 Kf4 66. Kh7 Kf5 67. Kh8 Kf6 68. Kh7 Qg7#
{White checkmated}
0-1

[Event "ICC tourney 2690 (75 10)"]
[Site "Internet Chess Club"]
[Date "2021.09.26"]
[Round "4"]
[White "DATTA, GAURAV D:Geebz76"]
[Black "MADABUSHI, RAGHAVAN:jayrag"]
[Result "1/2-1/2"]
[ICCResult "Game drawn by repetition"]
[WhiteElo "1325"]
[BlackElo "1325"]
[Opening "Réti opening"]
[ECO "A09"]
[NIC "QP.09"]
[Time "11:00:34"]
[TimeControl "4500+10"]

1. Nf3 d5 2. c4 Nf6 3. cxd5 Nxd5 4. e4 Nb6 5. d4 Bg4 6. Be3 e6 7. Be2 Nc6 8.
h3 Bh5 9. O-O Be7 10. Nc3 O-O 11. a4 a6 12. a5 Nd7 13. Qd2 Bb4 14. e5 Nxa5
15. Bd1 Nc4 16. Qe2 Ndb6 17. Ne4 Qd5 18. b3 Qxe4 19. bxc4 Qc6 20. Bc2 Bxf3
21. gxf3 Qxc4 22. Bd3 Qc6 23. Kh2 Nd5 24. Rg1 Nxe3 25. Qxe3 g6 26. Qh6 Qxf3
27. Bxg6 fxg6 28. Rxg6+ hxg6 29. Qxg6+ Kh8 30. Qh6+ Kg8 31. Qg6+ Kh8 32.
Qh6+ Kg8 33. Qg6+ Kh8 {Game drawn by repetition} 1/2-1/2

[Event "ICC tourney 2690 (75 10)"]
[Site "Internet Chess Club"]
[Date "2021.09.26"]
[Round "4"]
[White "Dixon, Javier:JavierDix"]
[Black "GARCIA, CARLOS:cayo89"]
[Result "1-0"]
[ICCResult "Black resigns"]
[WhiteElo "1519"]
[BlackElo "1547"]
[Opening "Queen's Pawn"]
[ECO "A41"]
[NIC "QO.17"]
[Time "11:01:00"]
[TimeControl "4500+10"]

1. d4 d6 2. Nf3 Nf6 3. Bf4 c6 4. e3 Nbd7 5. Bd3 Qa5+ 6. c3 e5 7. b4 Qc7 8.
dxe5 dxe5 9. Bg3 Bd6 10. e4 Nf8 11. Nbd2 Ng6 12. Nc4 b5 13. Nxd6+ Qxd6 14.
O-O O-O 15. Bc2 Qe7 16. h3 Bb7 17. Qe2 Rad8 18. a4 a6 19. axb5 cxb5 20. Rad1
Rc8 21. Qe3 Qc7 22. Rc1 Rfe8 23. Bd3 Nh5 24. Bb1 Nxg3 25. fxg3 Rcd8 26. Ng5
Re7 27. Ba2 Rdd7 28. c4 bxc4 29. Rxc4 Qd8 30. Rcc1 h6 31. Nxf7 Rxf7 32. Rxf7
Rxf7 33. Rf1 Nh8 34. Qc5 Qd4+ 35. Qxd4 exd4 36. Rd1 Kf8 37. Bxf7 Kxf7 38.
Rxd4 Ke7 39. Kf2 Nf7 40. Ke3 Nd6 41. g4 Nxe4 42. Rxe4+ Bxe4 43. Kxe4 Ke6 44.
h4 g6 45. g3 Kd6 46. Kf4 Kc6 47. h5 gxh5 48. gxh5 Kb5 49. g4 Kxb4 50. g5
hxg5+ 51. Kxg5 a5 52. h6 a4 53. h7 a3 54. h8=Q Kb3 55. Qa1 {Black resigns}
1-0

[Event "ICC tourney 2690 (75 10)"]
[Site "Internet Chess Club"]
[Date "2021.09.26"]
[Round "4"]
[White "DIAO, MATTHEW GUO:MatthewDiao"]
[Black "SUSANTO, RIDWAN:fhunfi"]
[Result "0-1"]
[ICCResult "White forfeits on time"]
[WhiteElo "1510"]
[BlackElo "1645"]
[Opening "Dutch defense, Rubinstein variation"]
[ECO "A40"]
[NIC "QO.17"]
[Time "11:00:33"]
[TimeControl "4500+10"]

1. d4 e6 2. c4 f5 3. Nc3 Nf6 4. e3 Bb4 5. Qc2 b6 6. Nf3 Bb7 7. Be2 O-O 8. a3
Bxc3+ 9. Qxc3 Ne4 10. Qc2 d6 11. b3 Nd7 12. Bb2 Ndf6 13. O-O Qe8 14. Nd2
Nxd2 15. Qxd2 Rd8 16. Bd3 Qh5 17. f3 g5 18. d5 Bc8 19. e4 fxe4 20. fxe4 e5
21. b4 Rf7 22. c5 Rdf8 23. Qe3 Qxh2+ 24. Kxh2 Ng4+ 25. Kg3 Nxe3 26. Rf3 Ng4
27. Raf1 h5 28. Rxf7 Rxf7 29. Rxf7 Kxf7 30. cxb6 cxb6 31. a4 Nf6 32. Bc1 h4+
33. Kh2 Kg6 34. Kg1 Bd7 35. a5 Ba4 36. axb6 axb6 37. b5 Bd1 38. Be3 Nd7 39.
Kf2 Nc5 40. Bb1 Ba4 41. Bxc5 dxc5 42. Bd3 Bb3 43. Bf1 Kf6 44. Ke3 c4 45. Kd2
g4 46. Kc3 Ke7 47. Kb4 Kd6 48. Be2 h3 49. gxh3 gxh3 50. Bf3 h2 51. Bg2 Ba2
52. Ka3 Bb1 53. Kb4 Bd3 54. Kc3 Kc5 55. Bf3 Kxb5 56. Bg2 Kc5 57. Bf3 b5 58.
Bg2 b4+ 59. Kd2 Bb1 60. Kc1 Ba2 61. Kb2 Bb3 62. Bh1 Ba4 63. Bf3 c3+ 64. Kc1
b3 65. Kb1 Kd4 {White forfeits on time} 0-1

[Event "ICC tourney 2690 (75 10)"]
[Site "Internet Chess Club"]
[Date "2021.09.26"]
[Round "5"]
[White "ZHANG, FRED:Fredzhang"]
[Black "DATTA, GAURAV D:Geebz76"]
[Result "1-0"]
[ICCResult "Black resigns"]
[WhiteElo "1578"]
[BlackElo "1325"]
[Opening "French: Two knights variation"]
[ECO "C00"]
[NIC "FR.01"]
[Time "14:30:30"]
[TimeControl "4500+10"]

1. e4 e6 2. Nf3 d5 3. Nc3 Nf6 4. e5 Nfd7 5. d4 c5 6. Be3 a6 7. dxc5 Nxc5 8.
Bxc5 Bxc5 9. Bd3 Qb6 10. O-O Qxb2 11. Na4 Qa3 12. Nxc5 Qxc5 13. c4 dxc4 14.
Bxc4 Qxc4 15. Rc1 {Black resigns} 1-0

[Event "ICC tourney 2690 (75 10)"]
[Site "Internet Chess Club"]
[Date "2021.09.26"]
[Round "5"]
[White "SULTAN, BASHIR Cisse:muzikmixer"]
[Black "CAO, DANIEL:danielcao"]
[Result "1-0"]
[ICCResult "Black checkmated"]
[WhiteElo "1581"]
[BlackElo "1276"]
[Opening "English: Anglo-Grünfeld defense"]
[ECO "A16"]
[NIC "EO.52"]
[Time "14:30:26"]
[TimeControl "4500+10"]

1. c4 Nf6 2. Nc3 d5 3. cxd5 Nxd5 4. Nf3 g6 5. h4 Bg7 6. e4 Nxc3 7. dxc3
Qxd1+ 8. Kxd1 O-O 9. Bc4 Bg4 10. Kd2 Rd8+ 11. Kc2 Nc6 12. a4 Bxf3 13. gxf3
Ne5 14. Be2 Rd6 15. f4 Nc6 16. e5 Rdd8 17. a5 e6 18. h5 Ne7 19. Bf3 c6 20.
Be3 Nf5 21. Bc5 Rd7 22. a6 Ne7 23. Bxe7 Rxe7 24. axb7 Rb8 25. Bxc6 Rc7 26.
Be4 Rc4 27. Rhe1 f5 28. exf6 Bxf6 29. Rxa7 Be7 30. Ra8 Bd6 31. Rd1 Rxe4 32.
Rxb8+ Bxb8 33. Rd8+ Kf7 34. Rxb8 Rxf4 35. Rf8+ Kxf8 36. b8=Q+ Kg7 37. Qxf4
g5 38. Qxg5+ Kh8 39. h6 e5 40. Qg7# {Black checkmated} 1-0

[Event "ICC tourney 2690 (75 10)"]
[Site "Internet Chess Club"]
[Date "2021.09.26"]
[Round "5"]
[White "Anh, Phuc:Phucanhfananime"]
[Black "LIAO, CONNOR:che2468"]
[Result "1-0"]
[ICCResult "Black resigns"]
[WhiteElo "1500"]
[BlackElo "1393"]
[Opening "Queen's pawn, Mason variation"]
[ECO "D00"]
[NIC "QP.08"]
[Time "14:30:29"]
[TimeControl "4500+10"]

1. d4 d5 2. Bf4 c6 3. e3 Bf5 4. c4 e6 5. Qb3 Qb6 6. c5 Qxb3 7. axb3 Nd7 8.
Nf3 Be7 9. b4 a6 10. Nc3 Rc8 11. h3 Ngf6 12. g4 Bg6 13. Bg2 Ne4 14. Ne5 Nxc3
15. bxc3 f6 16. Nxd7 Kxd7 17. h4 Bd3 18. g5 Rhg8 19. Kd2 Bf5 20. Rag1 Bd8
21. f3 Bc7 22. Bxc7 Kxc7 23. e4 Bg6 24. Bh3 Rce8 25. Ke3 Bh5 26. Bg4 Bxg4
27. Rxg4 f5 28. Rg2 g6 29. e5 Re7 30. f4 b6 31. h5 Kb7 32. cxb6 Kxb6 33.
hxg6 hxg6 34. Rgh2 Rgg7 35. Rh8 Kc7 36. R1h6 Ref7 37. Ra8 Kb7 38. Re8 Re7
39. Rxe7+ Rxe7 40. Rxg6 Kc7 41. Rh6 Rg7 42. Rxe6 Kd7 43. Rd6+ Kc7 44. Kf3
Rh7 45. Rh6 Rg7 46. g6 Kd7 47. Rh7 {Black resigns} 1-0

[Event "ICC tourney 2690 (75 10)"]
[Site "Internet Chess Club"]
[Date "2021.09.26"]
[Round "5"]
[White "HOSUR, SANMITA:phosur"]
[Black "CLOETE, JACK:kinpin007"]
[Result "1-0"]
[ICCResult "Black resigns"]
[WhiteElo "1123"]
[BlackElo "1525"]
[Opening "QGD Slav: 4.Nc3"]
[ECO "D15"]
[NIC "SL.03"]
[Time "14:30:31"]
[TimeControl "4500+10"]

1. d4 d5 2. c4 c6 3. Nc3 Nf6 4. Nf3 Bg4 5. e3 e6 6. h3 Bh5 7. Be2 dxc4 8.
Bxc4 Nbd7 9. O-O Nb6 10. Be2 c5 11. b3 cxd4 12. Nxd4 Bxe2 13. Qxe2 a6 14.
Bb2 Nbd5 15. Nxd5 Qxd5 16. Rfd1 Qg5 17. Nf3 Qa5 18. Bxf6 gxf6 19. Rac1 Rd8
20. Qc4 Ba3 21. Rxd8+ Qxd8 22. Qa4+ {Black resigns} 1-0

[Event "ICC tourney 2690 (75 10)"]
[Site "Internet Chess Club"]
[Date "2021.09.26"]
[Round "5"]
[White "Dixon, Javier:JavierDix"]
[Black "JING, ANDREW:andrewj508"]
[Result "1-0"]
[ICCResult "Black resigns"]
[WhiteElo "1519"]
[BlackElo "1359"]
[Opening "Queen's bishop game"]
[ECO "D02"]
[NIC "QP.06"]
[Time "14:30:30"]
[TimeControl "4500+10"]

1. d4 Nf6 2. Nf3 d5 3. Bf4 e6 4. e3 c5 5. Nc3 a6 6. Ne5 Nc6 7. dxc5 Bxc5 8.
a3 O-O 9. Nxc6 bxc6 10. b4 Bd6 11. Bg3 Re8 12. Be2 e5 13. O-O e4 14. f4 exf3
15. Bxf3 Bxg3 16. hxg3 Rxe3 17. Qd2 Re8 18. Rae1 Bd7 19. Na4 Qc7 20. Qf2
Rxe1 21. Rxe1 Re8 22. Nc5 Rxe1+ 23. Qxe1 g6 24. Nxa6 Qa7+ 25. Nc5 Kg7 26.
Kh1 Bf5 27. Qc3 Qc7 28. Bxd5 Qd6 29. Bf3 Qxg3 30. a4 g5 31. Qd2 Qh4+ 32. Kg1
g4 33. Bxc6 g3 34. Bf3 h6 35. a5 Qh2+ 36. Kf1 Bh3 37. Qd4 Qh1+ 38. Qg1 Bxg2+
39. Bxg2 Qh4 40. Qe3 Qg4 41. c3 Qd1+ 42. Qe1 Qg4 43. a6 Qc4+ 44. Kg1 Ng4 45.
Qxg3 h5 46. a7 h4 47. Qd3 Qf4 48. Qd4+ Qxd4+ 49. cxd4 {Black resigns} 1-0

[Event "ICC tourney 2690 (75 10)"]
[Site "Internet Chess Club"]
[Date "2021.09.26"]
[Round "5"]
[White "SUSANTO, RIDWAN:fhunfi"]
[Black "TANG, VINCENT:VincentT2008"]
[Result "0-1"]
[ICCResult "White resigns"]
[WhiteElo "1645"]
[BlackElo "1614"]
[Opening "Vienna game"]
[ECO "C28"]
[NIC "VG.04"]
[Time "14:30:26"]
[TimeControl "4500+10"]

1. e4 e5 2. Nc3 Nc6 3. Bc4 Nf6 4. d3 Na5 5. Nge2 Nxc4 6. dxc4 Bc5 7. O-O O-O
8. Kh1 Ng4 9. Qe1 Qh4 10. h3 Bxf2 11. Qd1 Bc5 12. Qe1 Nf2+ 13. Kh2 f5 14.
Na4 Ng4+ 15. Kh1 Bf2 16. Qd1 fxe4 17. Qd5+ Kh8 18. Qxe4 d6 19. Bd2 c6 20. c5
Bf5 21. Qc4 d5 22. Qb3 e4 23. Bf4 e3 24. Nac3 Rae8 25. Qxb7 Ne5 26. Bh2 Bxh3
27. gxh3 Qxh3 28. Ng1 Qh4 29. Nce2 Qe4+ {White resigns} 0-1

[Event "ICC tourney 2690 (75 10)"]
[Site "Internet Chess Club"]
[Date "2021.09.26"]
[Round "5"]
[White "Mason, Mike W:MikeWMason"]
[Black "DIAO, MATTHEW GUO:MatthewDiao"]
[Result "0-1"]
[ICCResult "White resigns"]
[WhiteElo "1614"]
[BlackElo "1510"]
[Opening "French: King's Indian attack"]
[ECO "C00"]
[NIC "FR.02"]
[Time "14:31:04"]
[TimeControl "4500+10"]

1. e4 e6 2. d3 d5 3. Nd2 c5 4. Ngf3 Nc6 5. c3 Nf6 6. g3 Be7 7. Bg2 O-O 8.
O-O b6 9. Re1 Bb7 10. e5 Nd7 11. h4 Qc7 12. Nf1 Rfe8 13. Bf4 c4 14. d4 b5
15. a3 a5 16. Ne3 Nb6 17. h5 h6 18. g4 Qd8 19. Kh2 f6 20. Rg1 Rf8 21. Qe2
fxe5 22. Bxe5 Nxe5 23. Nxe5 Bd6 24. Kh3 Bxe5 25. dxe5 Qg5 26. Nc2 Nd7 27.
Nd4 Nc5 28. Raf1 Nd3 29. f4 Qxf4 30. Rxf4 Nxf4+ 31. Kg3 Nxe2+ 32. Nxe2 Kf7
33. Rf1+ Ke7 34. Rxf8 Rxf8 35. Nd4 Ba6 36. Nc6+ Kd7 37. Nxa5 Ra8 38. b4 cxb3
39. Nxb3 Rc8 {White resigns} 0-1

[Event "ICC tourney 2690 (75 10)"]
[Site "Internet Chess Club"]
[Date "2021.09.26"]
[Round "5"]
[White "LI, MASON JIN:K03-16739697"]
[Black "GARCIA, CARLOS:cayo89"]
[Result "1-0"]
[ICCResult "Black forfeits on time"]
[WhiteElo "1369"]
[BlackElo "1547"]
[Opening "Queen's Pawn"]
[ECO "A41"]
[NIC "QO.17"]
[Time "14:31:04"]
[TimeControl "4500+10"]

1. d4 d6 2. Bf4 g6 3. e3 Bg7 4. c4 Nd7 5. Nc3 e5 6. dxe5 dxe5 7. Bg3 Ngf6 8.
Nf3 Qe7 9. Be2 c6 10. O-O Nh5 11. Bh4 Bf6 12. Bxf6 Nhxf6 13. Qc2 O-O 14. a3
a5 15. h3 b6 16. b3 Bb7 17. e4 Rfd8 18. Rfd1 Nh5 19. Na4 Rab8 20. Qb2 Nf4
21. Bf1 Ba8 22. b4 axb4 23. axb4 c5 24. bxc5 bxc5 25. Qc2 Nf6 26. Nc3 Rxd1
27. Rxd1 Re8 28. Nd5 N6xd5 29. cxd5 Qd6 30. Rc1 Rc8 31. Qc3 f6 32. Nd2 Kg7
33. Nc4 Qc7 34. Ra1 Nxd5 35. exd5 Bxd5 36. Ne3 Bf7 37. Bc4 Rb8 38. Bxf7 Kxf7
39. Qc4+ Kg7 40. Rc1 Rc8 41. Nd5 Qb7 42. Nb4 Rb8 43. Na6 Ra8 44. Nxc5 Qb2
45. Ne6+ Kh8 46. Qc7 Rg8 47. Nd8 Qxc1+ 48. Qxc1 Rxd8 49. Qc6 Rf8 50. Qd6 Rf7
51. Qe6 Kg7 52. g4 h6 53. Kg2 Ra7 54. Kg3 Ra3+ 55. f3 Ra7 56. h4 Rf7 57. g5
hxg5 58. hxg5 fxg5 59. Qxe5+ Kh7 60. Qxg5 Rf5 61. Qe7+ Kh6 62. f4 Rb5 63.
Kg4 Rf5 64. Qa7 Rf8 65. Qd7 Rf6 66. Qd8 Kg7 67. Qe7+ Rf7 68. Qe5+ Kg8 69.
Kh4 Rf5 70. Qe6+ Kg7 71. Kg4 Rh5 72. Qe7+ Kg8 73. Qf6 Kh7 74. Qf7+ Kh8 75.
Qxg6 Rh4+ 76. Kf5 Rxf4+ 77. Ke5 Rf7 78. Qh6+ Kg8 79. Kd6 Ra7 80. Qg5+ Kh7
81. Qh4+ Kg6 82. Qg3+ Kh7 83. Kc6 Ra6+ 84. Kb7 Rg6 85. Qh4+ Kg7 86. Kc7 Ra6
87. Qf2 Rg6 88. Kd7 Rf6 89. Qg3+ Kf7 90. Qe5 Kg6 91. Ke7 Rf7+ 92. Ke6 Rf8
93. Qg3+ Kh7 94. Qg5 Rf1 95. Qh4+ Kg7 96. Qg3+ Kf8 97. Qh4 Kg8 98. Qg3+ Kf8
99. Qh3 Re1+ 100. Kf6 {Black forfeits on time} 1-0

[Event "ICC tourney 2690 (75 10)"]
[Site "Internet Chess Club"]
[Date "2021.09.26"]
[Round "6"]
[White "Anh, Phuc:Phucanhfananime"]
[Black "Dixon, Javier:JavierDix"]
[Result "1/2-1/2"]
[ICCResult "Game drawn by mutual agreement"]
[WhiteElo "1500"]
[BlackElo "1519"]
[Opening "Modern defense"]
[ECO "A40"]
[NIC "QO.17"]
[Time "18:01:19"]
[TimeControl "4500+10"]

1. d4 g6 2. Bf4 Bg7 3. e3 c5 4. Nf3 cxd4 5. exd4 Nc6 6. Be2 d6 7. O-O Nf6 8.
c3 Nd7 9. Re1 O-O 10. Na3 e5 11. Bg5 f6 12. Bc4+ Kh8 13. Bh4 Nb6 14. Bb3
exd4 15. Nxd4 Nxd4 16. Qxd4 {Game drawn by mutual agreement} 1/2-1/2

[Event "ICC tourney 2690 (75 10)"]
[Site "Internet Chess Club"]
[Date "2021.09.26"]
[Round "6"]
[White "SULTAN, BASHIR Cisse:muzikmixer"]
[Black "ZHANG, FRED:Fredzhang"]
[Result "1/2-1/2"]
[ICCResult "Game drawn because neither player has mating material"]
[WhiteElo "1581"]
[BlackElo "1578"]
[Opening "English: symmetrical, four knights system"]
[ECO "A30"]
[NIC "EO.64"]
[Time "18:01:23"]
[TimeControl "4500+10"]

1. c4 c5 2. Nf3 Nf6 3. Nc3 Nc6 4. d4 cxd4 5. Nxd4 d6 6. e4 Nxd4 7. Qxd4 e5
8. Qd3 Be6 9. Be2 Rc8 10. b3 Be7 11. Be3 a6 12. O-O O-O 13. f3 Ne8 14. Kh1
f5 15. Qd2 f4 16. Bg1 Nc7 17. Nd5 Bxd5 18. cxd5 Nb5 19. Bxb5 axb5 20. Rfc1
Qd7 21. Rxc8 Rxc8 22. Rc1 Bd8 23. Rc2 Rxc2 24. Qxc2 Qc7 25. Qxc7 Bxc7 26.
Bf2 h6 27. Kg1 Kf7 28. Kf1 Ke7 29. Ke2 Kd7 30. Kd3 Ba5 31. a4 bxa4 32. bxa4
Kc7 33. g3 g5 34. gxf4 exf4 35. Bd4 Kd7 36. h3 Ke7 37. e5 dxe5 38. Bxe5 h5
39. Ke4 Bd8 40. Kf5 Kd7 41. Kg6 g4 42. fxg4 f3 43. Bd4 hxg4 44. hxg4 Kd6 45.
Kf5 Kxd5 46. Bf2 Kc4 47. Ke4 Kb4 48. Kxf3 Kxa4 49. Be3 b5 50. Bd4 b4 51. Ke4
b3 52. Kf5 Ka3 53. g5 Bxg5 54. Kxg5 b2 55. Bxb2+
{Game drawn because neither player has mating material}
1/2-1/2

[Event "ICC tourney 2690 (75 10)"]
[Site "Internet Chess Club"]
[Date "2021.09.26"]
[Round "6"]
[White "DIAO, MATTHEW GUO:MatthewDiao"]
[Black "TANG, VINCENT:VincentT2008"]
[Result "1/2-1/2"]
[ICCResult "Game drawn by mutual agreement"]
[WhiteElo "1510"]
[BlackElo "1614"]
[Opening "Benoni defense"]
[ECO "A56"]
[NIC "OI.06"]
[Time "18:01:22"]
[TimeControl "4500+10"]

1. d4 Nf6 2. c4 c5 3. e3 g6 4. Nf3 Bg7 5. Be2 O-O 6. O-O d6 7. Nc3 b6 8. b3
Bb7 9. Bb2 Nbd7 10. Bd3 a6 11. Qe2 Qc7 12. a4 e6 13. Rfe1 Rad8 14. Rad1 Nb8
15. e4 Nc6 16. d5 Nd4 17. Nxd4 cxd4 18. Nb1 e5 19. Nd2 a5 20. f4 Nd7 21.
fxe5 dxe5 22. Ba3 Nc5 23. Bc2 Bh6 24. b4 axb4 25. Bxb4 Ra8 26. Rb1 Rfb8 27.
Bxc5 bxc5 28. Ra1 Bxd2 29. Qxd2 Ra7 30. Ra3 Bc8 31. Rea1
{Game drawn by mutual agreement}
1/2-1/2

[Event "ICC tourney 2690 (75 10)"]
[Site "Internet Chess Club"]
[Date "2021.09.26"]
[Round "6"]
[White "JING, ANDREW:andrewj508"]
[Black "Mason, Mike W:MikeWMason"]
[Result "1/2-1/2"]
[ICCResult "Game drawn by mutual agreement"]
[WhiteElo "1359"]
[BlackElo "1614"]
[Opening "Queen's pawn, Mason variation"]
[ECO "D00"]
[NIC "QP.08"]
[Time "18:01:23"]
[TimeControl "4500+10"]

1. d4 d5 2. Bf4 Nf6 3. e3 c5 4. c3 Nc6 5. Nf3 Qb6 6. Na3 a6 7. Qb3 Qxb3 8.
axb3 Na5 9. Nb5 axb5 10. b4 cxb4 11. cxb4 e6 12. bxa5 Bb4+ 13. Kd1 Rxa5 14.
Rxa5 Bxa5 15. Bxb5+ Bd7 16. Bxd7+ Nxd7 17. Ke2 Ke7 18. Ne5 Bb6 19. Nxd7 Kxd7
20. Ra1 Rc8 21. Kd1 f6 22. Ra3 h5 23. Rb3 Rc6 24. h3 g5 25. Bh2 g4 26. hxg4
hxg4 27. Rc3 Rxc3 28. bxc3 Kc6 29. Kc2 Kb5 30. Kb3 Bd8 31. f3 gxf3 32. gxf3
f5 33. Bf4 Bh4 34. Bh6 Be1 35. Bf4 Kc6 36. Kb4 Bh4 37. Kb3 Kb5 38. Bh6 Bf6
39. Bf4 Bg7 40. Bg5 e5 41. Bh4 exd4 42. exd4 Bh6 43. Bf6 Bf4 44. Bh4 Bc7 45.
Bf2 Ba5 46. Bg3 Kc6 47. Be1 b5 48. Kc2 Kd7 49. Kd3 Ke6 50. Ke3 Kf6 51. Kf2
Kg5 52. Kg3 Bc7+ 53. Kg2 Bf4 54. Kf1 Bc1 55. Ke2 Bb2 56. Bd2+ Kh4 57. Ke3
Kg3 58. Be1+ Kg2 59. Kf4 Bc1+ 60. Kxf5 Kxf3 61. Ke5 Ke2 62. Kxd5 Kxe1 63.
Kc5 Kd2 64. Kxb5 Kxc3 65. d5 Bf4 66. d6 Kd4 67. d7 Bc7 68. Kc6
{Game drawn by mutual agreement}
1/2-1/2

[Event "ICC tourney 2690 (75 10)"]
[Site "Internet Chess Club"]
[Date "2021.09.26"]
[Round "6"]
[White "LIAO, CONNOR:che2468"]
[Black "HOSUR, SANMITA:phosur"]
[Result "1-0"]
[ICCResult "Black checkmated"]
[WhiteElo "1393"]
[BlackElo "1123"]
[Opening "Queen's pawn game"]
[ECO "D05"]
[NIC "QP.08"]
[Time "18:01:23"]
[TimeControl "4500+10"]

1. d4 d5 2. Nf3 Nf6 3. e3 e6 4. b3 Be7 5. Bb2 O-O 6. Bd3 Nbd7 7. O-O b6 8.
Ne5 Nxe5 9. dxe5 Nd7 10. f4 f5 11. c4 Bb7 12. cxd5 Bxd5 13. Nc3 Nc5 14. Nxd5
Qxd5 15. Bc4 Qe4 16. Bd4 Kh8 17. Rf3 Rad8 18. Rh3 h6 19. Kh1 Qc6 20. Rc1 Qd7
21. Qh5 Ne4 22. Kg1 c5 23. Qg6 cxd4 24. Bxe6 Rf7 25. Bxf7 Ng5 26. fxg5 Bxg5
27. Qxg5 Qxf7 28. Qxd8+ Kh7 29. Rc8 Kg6 30. Rg3+ Kh5 31. h4 g5 32. Rxg5+
Kxh4 33. g3+ Kh3 34. Rc2 Qh5 35. Rh2# {Black checkmated} 1-0

[Event "ICC tourney 2690 (75 10)"]
[Site "Internet Chess Club"]
[Date "2021.09.26"]
[Round "6"]
[White "dounce, justin T:emptycloud"]
[Black "SUSANTO, RIDWAN:fhunfi"]
[Result "0-1"]
[ICCResult "White checkmated"]
[WhiteElo "1563"]
[BlackElo "1645"]
[Opening "French: King's Indian attack"]
[ECO "C00"]
[NIC "FR.02"]
[Time "18:01:19"]
[TimeControl "4500+10"]

1. e4 e6 2. d3 d5 3. Nd2 Nf6 4. Ngf3 Nc6 5. g3 dxe4 6. dxe4 Bc5 7. Bg2 e5 8.
O-O O-O 9. c3 a5 10. h3 h6 11. Qe2 Qe7 12. Nb3 Bb6 13. Be3 Bxe3 14. Qxe3 b6
15. Rad1 Ba6 16. Rfe1 a4 17. Nbd2 Rfd8 18. Nh4 Rd3 19. Qe2 Rxc3 20. bxc3
Bxe2 21. Rxe2 Qd7 22. Ree1 Rd8 23. Nf5 Qd3 24. Bf1 Qxc3 25. Bb5 Na7 26. Bxa4
Rxd2 27. Rxd2 Qxd2 28. Rd1 Qxd1+ 29. Bxd1 Nxe4 30. Ne7+ Kf8 31. Nd5 Nb5 32.
a4 Nbc3 33. Nxc3 Nxc3 34. Bb3 Ke7 35. Kf1 Kd6 36. Ke1 Kc5 37. Kd2 Kb4 38.
Bxf7 Nxa4 39. Ke3 Nc5 40. f4 exf4+ 41. gxf4 Kc3 42. f5 b5 43. Ke2 b4 44. Kd1
Nd3 45. Bd5 c5 46. h4 c4 47. Bc6 b3 48. Ba4 Nb2+ 49. Kc1 Nxa4 50. h5 b2+ 51.
Kb1 Kb3 52. f6 c3 53. fxg7 c2# {White checkmated} 0-1

[Event "ICC tourney 2690 (75 10)"]
[Site "Internet Chess Club"]
[Date "2021.09.26"]
[Round "6"]
[White "MADABUSHI, RAGHAVAN:jayrag"]
[Black "LI, MASON JIN:K03-16739697"]
[Result "0-1"]
[ICCResult "White forfeits on time"]
[WhiteElo "1325"]
[BlackElo "1369"]
[Opening "Queen's pawn"]
[ECO "A40"]
[NIC "QO.17"]
[Time "18:01:23"]
[TimeControl "4500+10"]

1. d4 c6 2. Nf3 d5 3. g3 Bf5 4. Bg2 e6 5. Bf4 Qb6 6. b3 Bb4+ 7. c3 Be7 8.
O-O Nf6 9. Nbd2 O-O 10. Nh4 Bg4 11. h3 Bh5 12. g4 Bg6 13. Nxg6 hxg6 14. Qc2
c5 15. e3 cxd4 16. cxd4 Nc6 17. a3 Rac8 18. Qd3 a6 19. b4 a5 20. b5 Na7 21.
Rab1 a4 22. Bh2 Qa5 23. b6 Rc3 24. Qe2 Nc6 25. Rfd1 Bxa3 26. g5 Nd7 27. Bf1
Rc2 28. Rb5 Qc3 29. Qd3 Qxd3 30. Bxd3 Rb2 31. Rxb2 Bxb2 32. Bc7 a3 33. Nb3
Ra8 34. Bb5 Ncb8 35. Rd2 Nf8 36. Rc2 Nbd7 37. f4 Kh7 38. h4 Rc8 39. Nc5 Nxc5
{White forfeits on time}
0-1